 Dungeon Crawl Stone Soup version 0.16.1-51-g6203257 (webtiles) character file.

118 uhvn the Vexing (level 5, 0/25 HPs)
             Began as a Vine Stalker Arcane Marksman on July 9, 2015.
             Succumbed to a kobold's poison
             ... on level 3 of the Dungeon.
             The game lasted 00:10:42 (1895 turns).

uhvn the Vexing (Vine Stalker Arcane Marksman)      Turns: 1895, Time: 00:10:42

Health: 0/25       AC:  2    Str: 14    XL:     5   Next: 2%
Magic:  5/11       EV: 12    Int: 13    God:
Gold:   110        SH:  0    Dex: 14    Spells: 1 memorised, 7 levels left

rFire  . . .     SeeInvis .     b - +0 shortbow
rCold  . . .     Clarity  .     a - +0 robe
rNeg   . . .     SustAb   .     (no shield)
rPois  .         Gourm    .     m - +0 hat
rElec  .         Spirit   +     (no cloak)
rCorr  .         Warding  .     (no gloves)
rMut   .         Stasis   .     (no boots)
MR     .....                    (no amulet)
Stlth  ++........               (no ring)
                                (no ring)

@: lethally poisoned (0 -> -15), not resistant to hostile enchantments,
unstealthy
A: fangs 2, regeneration 1, magic shield, antimagic bite, no device heal 3, rot
immunity
a: no special abilities


You were on level 3 of the Dungeon.
You were hungry.

You visited 1 branch of the dungeon, and saw 3 of its levels.

You collected 110 gold pieces.

Inventory:

Hand weapons
 b - a +0 shortbow (weapon)
 l - a +4 dagger of venom
Missiles
 c - 15 arrows (quivered)
 h - 15 arrows of frost
Armour
 a - a +0 robe (worn)
 e - a cursed -1 buckler
 m - a +0 hat (worn)
Scrolls
 g - 3 scrolls of identify {unknown}
 j - 2 scrolls of remove curse {unknown}
 n - 2 scrolls of enchant weapon {unknown}
 o - a scroll of amnesia {unknown}
 q - a scroll of teleportation {unknown}
Books
 d - a book of Debilitation

   Spells                             Type                      Level
   a - Corona                         Hexes                        1
   b - Slow                           Hexes                        2
   c - Inner Flame                    Hexes/Fire                   3
   d - Enslavement                    Hexes                        4
   e - Cause Fear                     Hexes                        4
   f - Leda's Liquefaction            Hexes/Earth                  4
Comestibles
 f - 4 bread rations
 i - a meat ration
 k - a beef jerky


   Skills:
 * Level 1.6 Fighting
 + Level 3.0 Bows
 + Level 1.9 Dodging
 + Level 0.6 Stealth
 * Level 2.1 Spellcasting
 + Level 3.6 Hexes


You had 7 spell levels left.
You knew the following spells:

 Your Spells              Type           Power        Failure   Level  Hunger
a - Corona                Hex            ##.....      8%          1    ##.....


Dungeon Overview and Level Annotations

Branches:
Dungeon (3/15)

Altars:
Ashenzari
Makhleb

Annotations:
D:3 Sigmund


Innate Abilities, Weirdness & Mutations

You have extremely sharp teeth.
Your natural rate of healing is unusually fast.
When hurt, damage is shared between your health and your magic reserves.
Your bite disrupts and absorbs the magic of your enemies.
Potions and wands cannot restore your health.
You are immune to rotting.


Message History

The poisoned needle hits you!
You are lethally poisoned!
Sigmund hits you from afar with a scythe!
Found 7 gold pieces.
You see here a poisoned needle.
* * * LOW HITPOINT WARNING * * *
You feel sick.
Firing (i - inventory. (,) - cycle):
c - 15 arrows (quivered)
Press: ? - help, Shift-Dir - straight line, f/p - Sigmund
Aim: Sigmund, wielding a scythe and wearing a robe (heavily wounded)
Okay, then.
* * * LOW HITPOINT WARNING * * *
You feel sick.
* * * LOW HITPOINT WARNING * * *
You feel sick. Sigmund barely misses you.
You're too confused to move!
You feel less confused.
* * * LOW HITPOINT WARNING * * *
You feel sick.
You die...

#............###..
##.............#...(.
##...##<..##.........
#######.###.#.(......
#..##.##(.......
###....##.......(
#<.....##........
#.####.##....?....
#.# #@##(...# # ###
#..@.##.....#
#.K(........
#(..........
#..........
#...#......
....##..(.. ...###
#... ..#.# .$


You could see Sigmund and a kobold.

Vanquished Creatures
  A crimson imp (D:2)
  Ijyb (D:2)
  An adder (D:2)
  2 giant geckos (D:1)
  2 giant cockroaches
  5 goblins
  7 hobgoblins
  8 jackals
  6 kobolds
  8 bats
  3 giant newts (D:2)
  11 rats
55 creatures vanquished.

Notes
Turn   | Place    | Note
--------------------------------------------------------------
     0 | D:1      | uhvn, the Vine Stalker Arcane Marksman, began the quest for the Orb.
     0 | D:1      | Reached XP level 1. HP: 9/9 MP: 2/2
     7 | D:1      | Reached skill level 1 in Fighting
   192 | D:1      | Reached XP level 2. HP: 14/14 MP: 2/4
   523 | D:1      | Reached XP level 3. HP: 18/18 MP: 2/5
   829 | D:2      | Noticed Ijyb
   849 | D:2      | Killed Ijyb
   905 | D:2      | Reached XP level 4. HP: 22/22 MP: 4/7
  1014 | D:2      | Found a shattered altar of Ashenzari.
  1317 | D:2      | Found a burning altar of Makhleb.
  1751 | D:2      | Reached XP level 5. HP: 22/25 MP: 8/11
  1878 | D:3      | Noticed Sigmund
  1895 | D:3      | Succumbed to a kobold's poison

Action                   |  1- 3 |  4- 6 || total
-------------------------+-------+-------++-------
Melee: Dagger            |       |    14 ||    14
 Fire: Shortbow          |   102 |    92 ||   194
 Cast: Corona            |    29 |    26 ||    55
  Eat: Chunk             |       |     4 ||     4
